 Dungeon Crawl Stone Soup version 0.31.0-11-ge490571c62 (webtiles) character file.

Game seed: 1243082364045192587

2972 Curundu the Cleaver (level 9, -5/118 HPs)
             Began as a Minotaur Berserker on Jan 26, 2024.
             Was a Priest of Trog.
             Slain by Grum
             ... wielding a +0 spear
              (10 damage)
             ... on level 8 of the Dungeon.
             The game lasted 00:18:53 (6795 turns).

Curundu the Cleaver (Minotaur Berserker)            Turns: 6795, Time: 00:18:54

Health: -5/118     AC: 16    Str: 27    XL:     9   Next: 53%
Magic:  0/8        EV: 10    Int:  4    God:    Trog [***...]
Gold:   507        SH:  0    Dex:  9    Spells: 8/8 levels left

rFire   . . .        l - +0 war axe
rCold   . . .        (no shield)
rNeg    . . .        B - +0 chain mail
rPois   .            (helmet restricted)
rElec   .            o - +1 cloak
rCorr   .            f - +2 pair of gloves
SInv    +            (no boots)
Will    ++...        m - amulet of guardian spirit Stlth
                     b - ring of see invisible
HPRegen 1.39/turn    j - ring of flight
MPRegen 0.11/turn

%: guardian spirit
@: berserking, strong-willed (expiring), flying, regenerating (expiring), very
quick
A: horns 2, retaliatory headbutt
a: Renounce Religion, Berserk, Trog's Hand


You were on level 8 of the Dungeon.
You worshipped Trog.
Trog was most pleased with you.
You visited 1 branch of the dungeon, and saw 8 of its levels.

You collected 507 gold pieces.

Inventory:

Hand Weapons
 l - a +0 war axe (weapon)
Missiles
 r - 11 boomerangs (quivered)
Armour
 f - a +2 pair of gloves (worn)
 o - a +1 cloak (worn)
 B - a +0 chain mail (worn)
Jewellery
 b - a ring of see invisible (left hand)
 j - a ring of flight (right hand)
 m - an amulet of guardian spirit (around neck)
 n - a ring of positive energy
 y - a ring of willpower
Wands
 c - a wand of iceblast (7)
 z - a wand of flame (28)
Scrolls
 a - a scroll of fear
 g - 4 scrolls of enchant armour
 h - 2 scrolls of immolation
 p - a scroll of vulnerability
 v - a scroll of teleportation
Potions
 d - a potion of cancellation
 e - a potion of heal wounds
 i - 4 potions of might
 k - a potion of mutation
 q - 3 potions of curing
 s - a potion of berserk rage
 t - a potion of attraction {unknown}
 u - 2 potions of haste
 w - a potion of degeneration {unknown}
 x - a potion of ambrosia {unknown}


   Skills:
 + Level 7.5 Fighting
 + Level 10.6 Axes
 + Level 8.0 Armour
 + Level 6.3 Dodging
 + Level 2.0 Stealth


You had 8 spell levels left.
You didn't know any spells.
Your spell library was empty.

Dungeon Overview and Level Annotations

Branches:
Dungeon (8/15)             Temple (0/1) D:7
   Lair: D:8-11

Altars:
Ashenzari
Cheibriados
Dithmenos
Fedhas
Gozag
Makhleb
Nemelex Xobeh
Okawaru
Ru
Vehumet
Xom

Shops:
D:4 *   D:7 *

Annotations:
D:8 Gastronok, Grum


Innate Abilities, Weirdness & Mutations

You have a pair of horns on your head.
You reflexively headbutt those who attack you in melee.


Message History

You closely miss the bullfrog. You headbutt the bullfrog!
The bullfrog is heavily wounded.
The bullfrog closely misses you.
The white imp shouts, "Away with thee, thou rough-hewn unchin-snouted simpleton!"
Grum hits you but does no damage.
The bullfrog hits you but does no damage.
You slash the bullfrog!
The bullfrog is almost dead.
Grum barely misses you.
The bullfrog hits you but does no damage.
You slash the bullfrog!
You kill the bullfrog!
Trog accepts your kill. Grum hits you but does no damage.
Your Armour skill increases to level 8!
You hit the white imp. You headbutt the white imp!
You kill the white imp!
Trog accepts your kill.
Grum hits you from afar with a +0 spear!
Found a stone staircase leading down.
Gastronok bites you!!
A red film seems to cover your vision as you go berserk!
You feel yourself moving faster!
You feel mighty! Grum hits you with a +0 spear!
* * * LOW HITPOINT WARNING * * *
You slice Gastronok!! You headbutt Gastronok!
Gastronok is moderately wounded.
You hit Grum. Grum closely misses you. Gastronok bites you!!
* * * LOW HITPOINT WARNING * * *
You hit Gastronok.
Gastronok is moderately wounded.
You barely miss Grum.
You feel the effects of Trog's Hand fading.
Grum hits you but does no damage.
You slash Gastronok!
Gastronok is moderately wounded.
You slash Grum! You slash Gastronok! You headbutt Gastronok!
Gastronok is heavily wounded.
You slash Grum! Grum hits you with a +0 spear!
You die...

# #. #. ..
^###### .....
###..# #.g<#
#.#@#
........w......
#.#.#.#.#.#.#.#
!..........
#.#.# #.# #.#
.>.. ... ...
#.# #.# #.# ..
... ##


You could see Gastronok and Grum.

Vanquished Creatures
  Pikel (D:7)
  2 steam dragons
  Menkaure (D:7)
  An orc warrior (D:7)
  2 ice beasts
  A sky beast (D:6)
  2 black bears
  An ogre (D:6)
  3 wolves (D:8)
  2 centaurs
  A phantom (D:5)
  2 bullfrogs
  2 scorpions
  2 hounds
  2 orc priests
  2 bombardier beetles
  A jelly (D:6)
  A sleepcap (D:6)
  Jessica (D:2)
  8 iguanas
  4 orc wizards
  8 adders
  A white imp (D:8)
  8 ufetubi
  2 ribbon worms (D:2)
  5 dart slugs
  22 orcs
  6 endoplasms
  4 giant cockroaches
  2 goblins
  7 hobgoblins
  4 jackals (D:1)
  4 kobolds
  4 quokkas
  7 ball pythons
  6 bats
  5 frilled lizards
  6 rats
143 creatures vanquished.

Vanquished Creatures (others)
  A dart slug (D:2)
1 creature vanquished.

Grand Total: 144 creatures vanquished

Notes
Turn   | Place    | Note
-------+----------+-------------------------------------------
     0 | D:1      | Curundu the Minotaur Berserker began the quest for the Orb.
     0 | D:1      | Reached XP level 1. HP: 19/19 MP: 0/0
   200 | D:1      | Reached XP level 2. HP: 27/27 MP: 1/1
   202 | D:1      | Reached skill level 4 in Axes
   331 | D:1      | Found a faded altar of an unknown god.
  1140 | D:2      | Reached XP level 3. HP: 33/33 MP: 2/2
  1180 | D:2      | Noticed Jessica
  1187 | D:2      | Killed Jessica
  1247 | D:2      | Reached ** piety under Trog
  1299 | D:2      | Reached XP level 4. HP: 40/41 MP: 3/3
  1495 | D:2      | Identified the +1 leather armour of Inaction {Dex+5}
  2289 | D:3      | Reached skill level 5 in Axes
  2289 | D:3      | Reached XP level 5. HP: 17/47 MP: 4/4
  3039 | D:4      | Found an opulent altar of Gozag.
  3094 | D:4      | Reached XP level 6. HP: 41/55 MP: 5/5
  3343 | D:4      | Reached skill level 5 in Fighting
  3354 | D:4      | Found a burning altar of Makhleb.
  3371 | D:4      | Found a sparkling altar of Nemelex Xobeh.
  3371 | D:4      | Found a transporter.
  3450 | D:4      | Found a blossoming altar of Fedhas.
  3525 | D:4      | Reached skill level 6 in Axes
  3584 | D:4      | Found a sacrificial altar of Ru.
  3683 | D:4      | Found a shadowy altar of Dithmenos.
  3683 | D:4      | Found an iron altar of Okawaru.
  3821 | D:4      | Found Gozag's Platinum Reserve.
  3830 | D:4      | Reached skill level 1 in Stealth
  4052 | D:5      | Entered Level 5 of the Dungeon
  4119 | D:5      | Found a radiant altar of Vehumet.
  4138 | D:5      | Found a broken altar of Ashenzari.
  4159 | D:5      | Reached XP level 7. HP: 56/61 MP: 4/6
  4319 | D:5      | Reached *** piety under Trog
  4345 | D:5      | Found a snail-covered altar of Cheibriados.
  4558 | D:5      | Reached skill level 5 in Armour
  4567 | D:5      | Reached skill level 7 in Axes
  5260 | D:6      | Reached XP level 8. HP: 70/70 MP: 7/7
  5299 | D:6      | Reached skill level 5 in Dodging
  5446 | D:6      | Reached skill level 8 in Axes
  5748 | D:6      | Found a shimmering altar of Xom.
  5991 | D:7      | Noticed Menkaure
  6001 | D:7      | Killed Menkaure
  6002 | D:7      | Reached skill level 9 in Axes
  6103 | D:7      | Found a staircase to the Ecumenical Temple.
  6112 | D:7      | Found Etatz's Assorted Antiques.
  6295 | D:7      | Reached XP level 9. HP: 50/78 MP: 4/8
  6408 | D:7      | Noticed Pikel
  6418 | D:7      | Killed Pikel
  6419 | D:7      | Reached skill level 10 in Axes
  6763 | D:8      | Noticed Gastronok
  6763 | D:8      | Noticed Grum
  6792 | D:8      | HP: 2/118 [Gastronok (27)]
  6795 | D:8      | Slain by Grum

Illustrated notes

Levels and vault maps discovered:
D:1:      wander_arrival_lonely_grave, layout_basic, serial_bayou,
          serial_bayou_ford_a, serial_bayou_pond_e, serial_bayou_pond_d,
          serial_bayou_pond_b, shapermc_ecumenical_altar_starsandcircs,
          moated_statue
D:2:      layout_rooms, kennysheep_jessica_study
D:3:      layout_basic, kennysheep_orc_chapel
D:4:      layout_basic, nicolae_gozag_zags_fifth_avenue,
          nicolae_overflow_hidden_temple, grunt_nemelex_the_gamble,
          gammafunk_temple_overflow_wave, dk_noncrumbling_4
D:5:      layout_cave_pools, nicolae_vehumet_radiance, serial_co_window_serial,
          co_window_of_opportunity_a, co_window_corner_a,
          co_window_of_opportunity_a, co_window_paths_b, co_window_corner_a,
          co_window_2corner, co_window_unsneaky_path_b, co_window_broadway_b,
          co_window_corner_b, co_window_cross_4, co_window_4corner_b,
          glass_columns_b, glass_columns_b, glass_columns_a, glass_columns_a,
          hangedman_feature_mirror
D:6:      layout_loops_cross, xom_teletrap_fun
D:7:      layout_cave_pools, minmay_temple_entry_ruins, serial_shops,
          nicolae_shop_stone, hangedman_decor_clover_reticule, uniq_menkaure,
          uniq_pikel
D:8:      layout_rooms, overflow_temple_1_default, nicolae_eternal_life,
          dreamdust_princess_bridge, st_stairs_12, uniq_gastronok, uniq_maurice,
          uniq_amaemon, uniq_grum

Skill      XL: |  1  2  3  4  5  6  7  8  9 |
---------------+----------------------------+-----
Fighting       | 4 5 6 7 |  7.5
Axes           | 4 5 6 7 9 10 | 10.6
Dodging        | 3 4 5 6 |  6.3
Armour         | 3 4 5 7 8 |  8.0
Stealth        | 1 2 |  2.0

Action                     |  1- 3 |  4- 6 |  7- 9 || total
---------------------------+-------+-------+-------++-------
  Melee: Hand axe          |    72 |   152 |   143 ||   367
         Headbutt          |    10 |    23 |    45 ||    78
         Punch             |       |     1 |     6 ||     7
         War axe           |       |       |    45 ||    45
 Invoke: Trog's Hand       |       |     3 |     4 ||     7
         Berserk           |       |     1 |     2 ||     3
    Use: Scroll            |     7 |     3 |     7 ||    17
 Armour: Animal skin       |    46 |     5 |       ||    51
         Ring mail         |       |   112 |   112 ||   224
         Chain mail        |       |       |   101 ||   101
  Dodge: Dodged            |    61 |   102 |   143 ||   306
